 Dungeon Crawl Stone Soup version 0.25-a0-549-g6e6e6501ad (webtiles) character file.

Game seed: 3931842942408820653, levelgen mode: deterministic

174 BeastOfSaturn the Slasher (level 5, 0/46 HPs)
             Began as a Draconian Berserker on Feb 23, 2020.
             Was a Believer of Trog.
             Slain by a gnoll
             ... wielding a +0 flail
              (7 damage)
             ... on level 4 of the Dungeon.
             The game lasted 00:06:56 (2391 turns).

BeastOfSaturn the Slasher (Draconian Berserker)     Turns: 2391, Time: 00:06:57

Health: 0/46       AC:  6    Str: 21    XL:     5   Next: 28%
Magic:  5/5        EV: 13    Int:  7    God:    Trog [**....]
Gold:   72         SH:  0    Dex: 10    Spells: 4/4 levels left

rFire    . . .     SeeInvis .   b - -3 hunting sling (curse)
rCold    . . .     Gourm    .   (no shield)
rNeg     . . .     Faith    .   (armour unavailable)
rPois    .         Spirit   .   (helmet restricted)
rElec    .         Reflect  .   (no cloak)
rCorr    .         Harm     .   k - +0 pair of gloves
MR       .....                  (no boots)
Stlth    +.........             (no amulet)
HPRegen  0.15/turn              (no ring)
MPRegen  0.09/turn              (no ring)

@: no status effects
A: unfitting armour, cold-blooded, AC +5
a: Berserk, Trog's Hand, Renounce Religion


You were on level 4 of the Dungeon.
You worshipped Trog.
Trog was pleased with you.
You were not hungry.

You visited 1 branch of the dungeon, and saw 4 of its levels.

You collected 72 gold pieces.

Inventory:

Hand Weapons
 a - a +1 falchion
 b - a cursed -3 hunting sling (weapon)
Missiles
 m - 47 stones (quivered)
Armour
 k - a +0 pair of gloves (worn)
Jewellery
 e - a cursed ring of attention
 i - a +3 amulet of reflection {unknown}
 l - an uncursed ring of magical power {unknown}
Wands
 j - a wand of acid (9)
Potions
 d - 3 potions of curing {unknown}
 g - 3 potions of lignification {unknown}
 h - a potion of ambrosia {unknown}
 n - 2 potions of heal wounds {unknown}
Comestibles
 f - 6 rations


   Skills:
 + Level 4.0 Fighting
 * Level 4.2 Long Blades
 + Level 1.9 Slings
 * Level 3.7 Dodging


You had 4 spell levels left.
You didn't know any spells.
Your spell library was empty.

Dungeon Overview and Level Annotations

Branches:
Dungeon (4/15)
 Temple: D:4-7

Altars:
Hepliaklqana
Qazlal
Sif Muna
Uskayaw


Innate Abilities, Weirdness & Mutations

Your plain brown scales are hard. (AC +5)
You cannot fit into any form of body armour.
You are cold-blooded and may be slowed by cold attacks.


Message History

The stone hits the gnoll.
The gnoll is heavily wounded.
The gnoll closely misses you.
Firing (i - inventory)
m - 50 stones (quivered)
Press: ? - help, Shift-Dir - straight line, f/p - gnoll
Aim: a gnoll (almost dead)
You shoot a stone. The stone hits the gnoll!
You kill the gnoll!
Trog accepts your kill.
Firing (i - inventory)
m - 49 stones (quivered)
Press: ? - help, Shift-Dir - straight line, f - gnoll
Aim: a gnoll, wielding a +0 flail (heavily wounded)
You shoot a stone. The stone closely misses the gnoll.
The gnoll barely misses you.
Firing (i - inventory)
m - 48 stones (quivered)
Press: ? - help, Shift-Dir - straight line, f/p - gnoll
Aim: a gnoll, wielding a +0 flail (heavily wounded)
You shoot a stone. The stone barely misses the gnoll.
The gnoll hits you with a +0 flail!
You die...

..#####..# .....#
#.###
.###.###...########
.# #............(.#
...###########....##
##.# #..<..# ..#
###(#.# ... #)# #
##. #@# #g# #(# ..
... ## #(# #.# #.#
#(#


You could see a gnoll.

Vanquished Creatures
  A gnoll shaman (D:4)
  A worker ant (D:4)
  2 adders
  3 gnolls
  A shadow imp (D:2)
  An adder skeleton (D:4)
  5 dart slugs
  2 leopard geckos (D:3)
  4 orcs (D:3)
  6 bats
  4 giant cockroaches
  5 goblins
  5 hobgoblins
  3 quokkas (D:2)
  2 frilled lizards (D:2)
  5 kobolds
  2 rats
52 creatures vanquished.

Notes
Turn   | Place    | Note
-------+----------+-------------------------------------------
     0 | D:1      | BeastOfSaturn the Draconian Berserker began the quest for
                  | the Orb.
     0 | D:1      | Reached XP level 1. HP: 19/19 MP: 1/1
    66 | D:1      | Reached XP level 2. HP: 26/26 MP: 2/2
   162 | D:1      | Reached XP level 3. HP: 25/31 MP: 3/3
   459 | D:1      | Reached ** piety under Trog
   691 | D:2      | Found a hazy altar of Hepliaklqana.
   728 | D:2      | Found a stormy altar of Qazlal.
   972 | D:2      | Found a shimmering blue altar of Sif Muna.
  1154 | D:2      | Reached XP level 4. HP: 15/40 MP: 4/4
  1890 | D:3      | Noticed a phantom
  2279 | D:4      | Reached skill level 1 in Slings
  2296 | D:4      | Found a hide-covered altar of Uskayaw.
  2371 | D:4      | Reached XP level 5. HP: 16/46 MP: 5/5
  2391 | D:4      | Slain by a gnoll

Levels and vault maps discovered:
D:1:      zelgadis_glass_arrival_small, layout_basic
D:2:      layout_basic, nicolae_overflow_crystal_walls, lemuel_round_altar,
          overflow_temple_1_default, first_ration
D:3:      layout_loops_cross
D:4:      kennysheep_goblin_castle, layout_rooms, overflow_temple_1_default,
          old_standard_altar

Skill      XL: |  1  2  3  4 |
---------------+-------------+-----
Dodging        | 3 |  3.7
Long Blades    | 4 |  4.2
Slings         | 1 |  1.9
Fighting       | 4 |  4.0

Action                   |  1- 3 |  4- 6 || total
-------------------------+-------+-------++-------
Melee: Falchion          |    80 |       ||    80
       Tailslap          |    12 |       ||    12
 Fire: Hunting sling     |    22 |   127 ||   149
Invok: Trog's Hand       |       |     1 ||     1
  Use: Scroll            |     4 |     1 ||     5
 Stab: Sleeping          |     1 |       ||     1
  Eat: Ration            |     1 |     1 ||     2
Armor: Skin              |    17 |    21 ||    38
Dodge: Dodged            |    71 |    57 ||   128
       Rpst.: Falchion   |    19 |       ||    19

Table legend:
 A = Non-vault XP
 B = Vault XP
 C = Vault XP percentage of total XP
 D = Non-vault monster count
 E = Vault monster count
 F = Vault count percentage of total count
                 A         B        C        D         E       F
            +---------+---------+-------+---------+---------+-------
      Total |     249 |       0 |   0.0 |      52 |       0 |   0.0
            +---------+---------+-------+---------+---------+-------
        D:1 |      54 |       0 |   0.0 |      20 |       0 |   0.0
        D:2 |      53 |       0 |   0.0 |      17 |       0 |   0.0
        D:3 |      23 |       0 |   0.0 |       9 |       0 |   0.0
        D:4 |     119 |       0 |   0.0 |       6 |       0 |   0.0
            +---------+---------+-------+---------+---------+-------
